 Dungeon Crawl Stone Soup version 0.31.0-11-ge490571c62 (webtiles) character file.

Game seed: 5901854683474972633

126 dialectric the Covert (level 4, -3/23 HPs)
             Began as a Spriggan Delver on Feb 4, 2024.
             Splashed by a jelly's acid (5 damage)
             ... on level 4 of the Dungeon.
             The game lasted 00:02:37 (3274 turns).

dialectric the Covert (Spriggan Delver)             Turns: 3274, Time: 00:02:37

Health: -3/23      AC: -6    Str:  8    XL:     4   Next: 84%
Magic:  5/5        EV: 18    Int: 11    God:
Gold:   183        SH:  0    Dex: 18    Spells: 3/3 levels left

rFire   . . .        a - +0 short sword
rCold   . . .        (no shield)
rNeg    . . .        b - +0 robe
rPois   .            (helmet restricted)
rElec   .            (no cloak)
rCorr   .            (gloves unavailable)
SInv    +            (boots unavailable)
Will    .....        (no amulet)
Stlth   ++++         (no ring)
HPRegen 0.23/turn    (no ring)
MPRegen 0.09/turn

%: no passive effects
@: corroded, very quick
A: very small, no large weapons, unfitting armour, see invisible, speed 3
a: no special abilities


You were on level 4 of the Dungeon.
You visited 1 branch of the dungeon, and saw 5 of its levels.

You collected 183 gold pieces.

Inventory:

Hand Weapons
 a - a +0 short sword (weapon)
Armour
 b - a +0 robe (worn)
Jewellery
 s - an amulet of guardian spirit
Wands
 g - a wand of digging (3)
Scrolls
 c - 2 scrolls of fog
 d - a scroll of revelation
 e - a scroll of fear
 k - a scroll of silence {unknown}
 l - a scroll of torment {unknown}
 m - 2 scrolls of identify {unknown}
 n - 3 scrolls of enchant armour {unknown}
 o - 2 scrolls of poison {unknown}
 p - 2 scrolls of teleportation {unknown}
Potions
 f - a potion of haste
 h - a potion of degeneration {unknown}
 i - a potion of brilliance {unknown}
 j - a potion of attraction {unknown}
 q - a potion of resistance {unknown}
 r - a potion of heal wounds {unknown}
 t - a potion of magic {unknown}


   Skills:
 + Level 2.7 Fighting
 + Level 3.2 Short Blades
 + Level 2.8 Dodging
 + Level 9.4 Stealth


You had 3 spell levels left.
You didn't know any spells.
Your spell library contained the following spells:

 Spells                   Type           Power      Damage    Failure   Level
 Volatile Blastmotes      Fire/Tloc      0%         2d10      71%         3
 Fulminant Prism          Conj/Alch      0%         3d5       98%         4
 Iskenderun's Mystic Bla  Conj/Tloc      0%         2d3       98%         4


Dungeon Overview and Level Annotations

Branches:
Dungeon (5/15)
 Temple: D:4-7

Altars:

Annotations:
D:4 Ijyb


Innate Abilities, Weirdness & Mutations

You are very small and have problems with some larger weapons.
You are too small for most types of armour.
You have supernaturally acute eyesight. (SInv)
You cover ground extremely quickly. (Speed+++)


Message History

You now have 183 gold pieces (gained 11).
Done exploring.
What level of the Dungeon? (default 3, ? - help)
There is a stone staircase leading down here.
You climb downwards.
There is a stone staircase leading up here.
Unknown command.
Done exploring.
No target in view!
Done exploring.
No target in view!
Done exploring.
No target in view!
What level of the Dungeon? (default 3, ? - help) You're already here!
Unknown command.
Done exploring.
What level of the Dungeon? (default 3, ? - help)
There is an open door here.
There is a stone staircase leading down here.
You climb downwards.
Level annotation: Ijyb
There is a stone staircase leading up here.
Unknown command.
A jelly is nearby!
You hit the jelly. The acid corrodes you!
Your hands burn!
The jelly is moderately wounded.
You hit the jelly. The acid corrodes you!
Your hands burn!
The jelly is heavily wounded.
The jelly barely misses you.
You barely miss the jelly.
The jelly is heavily wounded.
The jelly hits you.
You are splashed with acid!
* * * LOW HITPOINT WARNING * * *
You hit the jelly but do no damage.
Your hands burn!
* * * LOW HITPOINT WARNING * * *
The jelly is heavily wounded.
The jelly closely misses you.
You hit the jelly but do no damage.
Your hands burn!
You die...

#########
#.J.....# #######
#@#####.# #......
#<#####>####.##...
#.##.S..........#.
#.##.##.####.####.
#.##.##.# #.####.
#.......# #......
####..### #######
##.# #.# .


You could see a jelly.

Vanquished Creatures
  Jessica (D:2)
  5 adders
  A ribbon worm (D:3)
  4 orcs (D:3)
  3 ball pythons
  2 bats
  6 endoplasms
  A giant cockroach (D:2)
  4 goblins
  4 hobgoblins
  3 quokkas (D:3)
  6 frilled lizards
  5 kobolds
  4 rats
49 creatures vanquished.

Notes
Turn   | Place    | Note
-------+----------+-------------------------------------------
     0 | D:5      | dialectric the Spriggan Delver began the quest for the Orb.
     0 | D:5      | Reached XP level 1. HP: 11/11 MP: 2/2
    14 | D:5      | Noticed a bombardier beetle
    15 | D:5      | Noticed a black bear
   140 | D:4      | Noticed Ijyb
   144 | D:4      | Noticed a jelly
   153 | D:4      | Noticed a jelly
   225 | D:3      | Reached skill level 8 in Stealth
   225 | D:3      | Reached XP level 2. HP: 16/16 MP: 3/3
   487 | D:3      | Reached XP level 3. HP: 19/19 MP: 4/4
  1290 | D:2      | Reached XP level 4. HP: 19/23 MP: 5/5
  1312 | D:2      | Noticed Jessica
  1319 | D:2      | Killed Jessica
  1320 | D:2      | Reached skill level 9 in Stealth
  3274 | D:4      | Splashed by a jelly's acid

Illustrated notes

Levels and vault maps discovered:
D:1:      tarquinn_simple_flora_water_d, layout_basic, serial_bayou_pond_a,
          corexii_corridor_pit
D:2:      layout_basic, uniq_jessica
D:3:      layout_loops_corners
D:4:      layout_loops_cross, nrook_mini_vaults, uniq_ijyb
D:5:      layout_gridville, minmay_temple_entry_fiery

Skill      XL: |  1  2  3  4 |
---------------+-------------+-----
Stealth        | 8 9 |  9.4
Short Blades   | 3 |  3.2
Fighting       | |  2.7
Dodging        | |  2.8

Action                     |  1- 3 |  4- 6 || total
---------------------------+-------+-------++-------
  Melee: Short sword       |    76 |    62 ||   138
         Punch             |     1 |     1 ||     2
   Stab: Sleeping          |    13 |    13 ||    26
 Armour: Robe              |    17 |    12 ||    29
  Dodge: Dodged            |    43 |    32 ||    75
